 Dungeon Crawl Stone Soup version 0.30-a0-145-g03d90e2e6d (webtiles) character file.

Game seed: 1230273346034006466

167433 qw the Severer (level 17, -6/108 HPs)
             Began as a Gargoyle Fighter on Sept 26, 2022.
             Was an Elder of Okawaru.
             Mangled by a five-headed hydra (7 damage)
             ... on level 3 of the Swamp.
             The game lasted 00:13:19 (32437 turns).

qw the Severer (Gargoyle Fighter)                  Turns: 32437, Time: 00:13:19

Health: -6/108     AC: 46    Str: 26    XL:     17   Next: 92%
Magic:  24/24      EV: 13    Int: 11    God:    Okawaru [****..]
Gold:   327        SH: 21    Dex:  9    Spells: 16/16 levels left

rFire   . . .      SeeInvis +    b - -2 demon whip (venom)
rCold   + + .      Faith    .    D - +0 tower shield
rNeg    + . .      Spirit   .    E - +2 plate armour {Will+}
rPois   inf        Reflect  .    A - +2 helmet
rElec   +          Harm     .    a - +2 cloak of Mysticism {rC++ Dex-3 SInv Stlth+}
rCorr   .          Rampage  .    g - +2 pair of gloves {Dex+3}
Will    ++...                    s - +1 pair of boots
Stlth   ..........               t - amulet of the acrobat
HPRegen 0.28/turn                l - +4 ring of evasion
MPRegen 0.19/turn                u - +4 ring of slaying {mikee}

@: about to teleport, heroic, flying
A: sickness immunity, AC +12, big wings, negative energy resistance 1,
electricity resistance, torment resistance 1, petrification resistance
a: Renounce Religion, Heroism, Finesse


You were on level 3 of the Swamp.
You worshipped Okawaru.
Okawaru was greatly pleased with you.
You visited 5 branches of the dungeon, and saw 26 of its levels.
You visited the Abyss 1 time.

You collected 2752 gold pieces.
You spent 2425 gold pieces at shops.


Innate Abilities, Weirdness & Mutations

You are immune to sickness and miasma.
Your stone body is resilient. (AC +12)
You are immune to poison.
Your large and strong wings let you fly.
You resist negative energy. (rN+)
You are resistant to electric shocks. (rElec)
You are resistant to unholy torment.
You are immune to petrification.


   Skills:
 - Level 13.0(18.0) Fighting
 - Level 17.0(22.0) Axes
 - Level 5.0(10.0) Throwing
 + Level 12.5(17.5) Armour
 - Level 3.2(8.2) Dodging
 - Level 17.0(22.0) Shields
 - Level 10.0 Invocations


You had 16 spell levels left.
You didn't know any spells.
Your spell library was empty.

Inventory:

Hand Weapons
 b - a -2 demon whip of venom (weapon)
 Y - a +3 broad axe of protection
Missiles
 B - 6 javelins (quivered)
 H - 5 boomerangs
 J - a silver boomerang
Armour
 a - the +2 cloak of Mysticism (worn) {rC++ Dex-3 SInv Stlth+}
   (Okawaru gifted it to you on level 2 of the Orcish Mines)

   Dex:       It affects your dexterity (-3).
   rC:        It greatly protects you from cold.
   SInv:      It lets you see invisible.
   Stlth:     It makes you more stealthy.
 c - the +4 scale mail "Teffamat" {Harm rC- rCorr SInv}
   (You found it on level 15 of the Dungeon)

   rC:        It makes you vulnerable to cold.
   SInv:      It lets you see invisible.
   rCorr:     It protects you from acid and corrosion.
   Harm:      It increases damage dealt and taken.
 f - the +0 kite shield of Plasticity {rC++ rN+ SInv Stlth-}
   (You bought it in a shop on level 10 of the Dungeon)

   rC:        It greatly protects you from cold.
   rN:        It protects you from negative energy.
   SInv:      It lets you see invisible.
   Stlth:     It makes you less stealthy.
 g - a +2 pair of gloves of dexterity (worn)
 r - +0 acid dragon scales
 s - a +1 pair of boots (worn)
 x - a +0 cloak of willpower
 A - a +2 helmet (worn)
 C - a +2 chain mail of fire resistance
 D - a +0 tower shield (worn)
 E - a +2 plate armour of willpower (worn)
Jewellery
 i - a ring of ice
 l - a +4 ring of evasion (left hand)
 q - a ring of protection from fire
 t - an amulet of the acrobat (around neck)
 u - a +4 ring of slaying (right hand) {mikee}
 w - a ring of resist corrosion
 y - a ring of protection from fire
 z - a ring of ice
 F - an amulet of regeneration
Wands
 v - a wand of digging (6)
Scrolls
 e - 17 scrolls of identify
 G - a scroll of teleportation
Potions
 d - 3 potions of might
 h - 4 potions of mutation
 j - 8 potions of heal wounds
 k - 7 potions of haste
 m - 3 potions of cancellation
 n - 6 potions of curing
 o - 4 potions of resistance
 p - 6 potions of lignification
 I - a potion of attraction

Dungeon Overview and Level Annotations

Branches:
Dungeon (15/15)            Temple (1/1) D:4            Lair (5/5) D:8
  Swamp (3/4) Lair:2        Snake (0/4) Lair:2        Slime (0/5) Lair:4
    Orc (2/2) D:9             Elf (0/3) Orc:2        Vaults (0/5) D:14
 Depths (0/4) D:15

Altars:
Ashenzari
Cheibriados
Dithmenos
Elyvilon
Fedhas
Gozag
Kikubaaqudgha
Makhleb
Nemelex Xobeh
Okawaru
Qazlal
Sif Muna
Trog
Uskayaw
Vehumet
Wu Jian
Xom
Yredelemnul
Zin
The Shining One
Jiyva

Shops:
D:1 :=(   D:10 [[(*=*   D:13 (   Orc:2 [*(!=*

Portals:
Abyss: Orc:2

Annotations:
D:5 4 runed translucent doors
D:6 1 runed translucent door, Crazy Yiuf
D:9 2 runed translucent doors
Orc:2 2 transporters, qw's ghost, adept GrFi


Message History

The five-headed hydra bites you but does no damage.
The five-headed hydra misses you.
The five-headed hydra bites you but does no damage. x2 2 foxfires come into view.
You whack the swamp dragon!
You kill the swamp dragon!
Okawaru accepts your kill. Okawaru grants you throwing weapons!
Something appears at your feet!
The foxfire hits you but does no damage.
You whack the five-headed hydra!
The five-headed hydra is lightly wounded.
The foxfire hits you!
The will-o-the-wisp gestures.
The will-o-the-wisp conjures some foxfire!
You block the five-headed hydra's attack.
The five-headed hydra bites you but does no damage.
The five-headed hydra closely misses you.
You block the five-headed hydra's attack.
The five-headed hydra bites you. 2 foxfires come into view.
You barely miss the five-headed hydra.
The five-headed hydra is lightly wounded.
The foxfire hits you! The foxfire hits you!!
You hit the five-headed hydra.
The five-headed hydra is lightly wounded.
The will-o-the-wisp gestures.
The will-o-the-wisp conjures some foxfire!
The five-headed hydra bites you but does no damage.
You block the five-headed hydra's attack. x2
The five-headed hydra barely misses you.
The five-headed hydra bites you. 2 foxfires come into view.
32437 ||| READING 2 scrolls of teleportation.
As you read the scroll of teleportation, it crumbles to dust.
You feel strangely unstable. The foxfire hits you. The foxfire hits you!!
You block the five-headed hydra's attack. x2
The five-headed hydra bites you but does no damage.
The five-headed hydra bites you!
You die...

~7..¤~>777~
~7.~.~~.7.~77777777
7.....~~~>.........777
7~~...~~~~..77...~.....
7..~77.~~~~.~.~~~....~~
77~...¤¤~~~¤~.~~~~..~~~
7....~~¤¤~~¤~.D¤~~~..~~
7....~~~~.~~@¤v~~~.~~.
77777~[.~~..%.~¤¤...~77
7~.%...¤~~..........77
77.[.....~%7~~~~~~$.7
7~..<..77..¤777...777
7......~7..~~~.~..7
7.......7~~~~~~~.~~.
7(.7~~77.~¤~~~~~~~~¤7
7~.~777~~~~...~~~~~.7


You could see a five-headed hydra and a will-o-the-wisp.

Vanquished Creatures
  Rupert (D:12)
  4 tentacled starspawn (Abyss:2)
  A thorn hunter (Swamp:2)
  A fenstrider witch (Swamp:1)
  Louise (D:15)
  3 orc warlords
  Azrael (D:15)
  2 eleionomae
  An ettin (Orc:1)
  Josephine (D:11)
  Harold (D:11)
  A shambling mangrove (Swamp:1)
  2 fire dragons (D:14)
  Fannar (Lair:2)
  10 hydras
  An ice dragon (D:15)
  A rakshasa (Abyss:2)
  A death knight (D:13)
  A ghost crab (Swamp:2)
  3 centaur warriors
  4 alligators
  2 two-headed ogres
  2 boulder beetles
  Erica (D:8)
  2 tengu warriors
  5 death yaks (Lair:4)
  4 thrashing horrors (Abyss:2)
  A naga warrior (Abyss:2)
  3 orc high priests
  Urug (Orc:1)
  Amaemon (Lair:2)
  9 skeletal warriors
  A bunyip zombie (Swamp:1)
  2 goliath frogs
  A sea snake (shapeshifter) (D:13)
  A spriggan druid (Swamp:1)
  6 bog bodies (Swamp:1)
  A shadow demon (Abyss:2)
  3 swamp dragons
  6 orc knights
  A phantasmal warrior (D:14)
  2 necromancers
  3 large abominations (Abyss:2)
  A deep elf zephyrmancer (D:6)
  2 deep elf pyromancers
  An oklob plant (Lair:2)
  A will-o-the-wisp (Swamp:1)
  An ugly thing (D:14)
  6 orc sorcerers (Orc:2)
  6 manticores
  4 cyclopes
  7 elephants
  An ice statue (D:15)
  Joseph (D:8)
  A guardian serpent (Abyss:2)
  An orange demon (Lair:2)
  3 smoke demons (Abyss:2)
  7 black mambas
  3 gargoyles
  Maggie (Lair:2)
  9 cane toads
  A kobold demonologist (D:13)
  A komodo dragon (shapeshifter) (D:15)
  14 komodo dragons
  2 freezing wraiths
  3 rime drakes
  3 tengu conjurers
  An unseen horror (D:11)
  A hellwing (Abyss:2)
  7 trolls
  A hydra zombie (Swamp:1)
  10 polar bears
  7 hornets
  A bloated husk (Swamp:1)
  8 blink frogs (Lair:5)
  7 tyrant leeches
  3 alligator zombies (Swamp:1)
  A blink frog (shapeshifter) (D:14)
  4 slime creatures (D:13)
  A dream sheep (Lair:5)
  Sigmund (D:6)
  4 shadows
  4 wyverns
  2 vampires
  13 spriggans
  8 wraiths
  Eustachio (D:5)
  A hog (shapeshifter) (D:13)
  4 basilisks
  4 fire elementals (D:15)
  2 steam dragons (D:7)
  45 yaks
  A redback (shapeshifter) (D:14)
  14 vampire mosquitoes
  Menkaure (D:5)
  9 wargs
  9 swamp worms
  6 nagas
  2 acid dragons
  A hydra simulacrum (Swamp:1)
  4 hell hounds (D:15)
  10 water moccasins
  3 swamp drakes
  38 orc warriors
  9 ice beasts
  A swamp dragon zombie (Swamp:1)
  4 alligator simulacra (Swamp:1)
  4 black bears
  5 boggarts (Lair:5)
  11 ogres
  12 wolves (Lair:5)
  4 centaurs
  A phantom (D:5)
  4 kobold brigands
  11 bullfrogs
  A gnoll sergeant (D:4)
  A necrophage (D:3)
  2 scorpions
  A small abomination (Abyss:2)
  19 wights
  4 killer bees (D:7)
  8 howler monkeys
  A quasit (Abyss:2)
  A gnoll bouda (D:7)
  18 orc priests
  5 hounds
  3 jellies
  14 orc wizards
  An iguana (D:6)
  3 adders
  14 gnolls
  2 shadow imps
  16 white imps
  2 ufetubi
  5 dart slugs
  79 orcs
  8 bats
  12 endoplasms
  A giant cockroach (D:1)
  8 goblins
  8 hobgoblins
  9 jackals
  22 kobolds
  4 quokkas
  8 ball pythons
  6 frilled lizards
  4 rats
  2 briar patches (Swamp:2)
  3 starspawn tentacles (Abyss:2)
780 creatures vanquished.

Vanquished Creatures (others)
  A briar patch (Swamp:2)
  14 foxfires
  83 fungi
  71 plants
  3 starspawn tentacles (Abyss:2)
172 creatures vanquished.

Grand Total: 952 creatures vanquished

Notes
Turn   | Place    | Note
-------+----------+-------------------------------------------
     0 | D:1      | qw the Gargoyle Fighter began the quest for the Orb.
     0 | D:1      | Reached XP level 1. HP: 14/14 MP: 1/1
     0 | D:1      | 0 ||| qw: Version: 0.2-a-10-g399e6c4
     0 | D:1      | 0 ||| qw: Game counter: 491
     0 | D:1      | 0 ||| qw: Always use a shield: true
     0 | D:1      | 0 ||| qw: God list: Okawaru
     0 | D:1      | 0 ||| qw: Allow faded altars: false
     0 | D:1      | 0 ||| qw: Do Orc after D:15 true
     0 | D:1      | 0 ||| qw: Do second Lair branch before Depths: true
     0 | D:1      | 0 ||| qw: Lair rune preference: random
     0 | D:1      | 0 ||| qw: Plans: Normal, Zot:1-4, God:TSO, Crypt, Tomb,
                  | Pan, Slime:5, Hells, Abyss, Orb
     0 | D:1      | 0 ||| PLANNING D:1-11
    67 | D:1      | Found a faded altar of an unknown god.
   175 | D:1      | 175 ||| DROPPING +0 club.
   211 | D:1      | Reached XP level 2. HP: 19/19 MP: 2/2
   317 | D:1      | You fall into a shaft and drop 1 floor!
   330 | D:2      | 330 ||| READING scroll labelled XETUDD ZISU.
   399 | D:1      | Reached skill level 3 in Axes
   419 | D:1      | Reached XP level 3. HP: 9/23 MP: 3/3
  1011 | D:1      | Found Hyekham's Antique Armour Boutique.
  1012 | D:1      | Found Omuclol's Book Emporium.
  1120 | D:1      | Found Roqaxkoc's Jewellery Boutique.
  1135 | D:1      | 1135 ||| SHOPLISTING +6 ring of strength (504 gold, have
                  | 35).
  1135 | D:1      | 1135 ||| SHOPLISTING amulet of guardian spirit (420 gold,
                  | have 35).
  1135 | D:1      | 1135 ||| SHOPLISTING ring "Pyzxotecw" {Fly rN+ Dex+4} (519
                  | gold, have 35).
  1135 | D:1      | 1135 ||| SHOPLISTING ring "Xusuug" {rPois rN+} (436 gold,
                  | have 35).
  1135 | D:1      | 1135 ||| SHOPLISTING ring of Izogh {Wiz rF+ Will+ Int+3
                  | Stlth+} (821 gold, have 35).
  1135 | D:1      | 1135 ||| SHOPLISTING ring of ice (350 gold, have 35).
  1135 | D:1      | 1135 ||| SHOPLISTING ring of willpower (350 gold, have 35).
  1151 | D:1      | Found Buutzuf's Antique Weapon Boutique.
  1183 | D:1      | 1183 ||| UPGRADING to +0 cloak.
  1330 | D:1      | 1330 ||| READING scroll labelled XENEUT BEZAS.
  1387 | D:2      | 1387 ||| DROPPING +0 whip.
  1416 | D:2      | Reached XP level 4. HP: 13/28 MP: 4/4
  1585 | D:2      | 1585 ||| DROPPING +2 whip of draining.
  2080 | D:2      | Reached XP level 5. HP: 30/32 MP: 5/5
  2330 | D:2      | 2330 ||| UPGRADING to ring of resist corrosion.
  2331 | D:2      | 2331 ||| READING 2 scrolls labelled QAURPH ACUEGEU.
  2332 | D:2      | 2332 ||| READING scroll labelled NAN CEUC XYCH.
  2333 | D:2      | 2333 ||| READING scroll labelled CAYXZICYIW.
  2334 | D:2      | 2334 ||| READING scroll labelled GARAET JYTEU.
  2335 | D:2      | 2335 ||| READING scroll labelled ITUODEUSHRY.
  2336 | D:2      | 2336 ||| READING 9 scrolls of identify.
  2336 | D:2      | 2336 ||| IDENTIFYING viscous orange potion
  2337 | D:2      | 2337 ||| DROPPING scroll of vulnerability.
  2338 | D:2      | 2338 ||| DROPPING potion of magic.
  2379 | D:3      | 2379 ||| Stepping ~*~*~tactically~*~*~ (stealth).
  2380 | D:3      | 2380 ||| Stepping ~*~*~tactically~*~*~ (stealth).
  2396 | D:3      | 2396 ||| Stepping ~*~*~tactically~*~*~ (stealth).
  2450 | D:3      | 2450 ||| Stepping ~*~*~tactically~*~*~ (hiding).
  2658 | D:3      | 2658 ||| READING scroll of enchant weapon.
  2658 | D:3      | 2658 ||| ENCHANTING +1 war axe of draining.
  3093 | D:3      | Reached XP level 6. HP: 30/39 MP: 6/6
  3157 | D:3      | Found a glowing golden altar of the Shining One.
  3175 | D:3      | 3175 ||| DROPPING ring of flight.
  3176 | D:3      | 3176 ||| READING scroll labelled DOYLOL HEIDGHA.
  3177 | D:3      | 3177 ||| READING scroll labelled SOEWUT ZIAMEMM.
  3178 | D:3      | 3178 ||| DRINKING 2 green potions.
  3283 | D:3      | 3283 ||| READING 10 scrolls of identify.
  3283 | D:3      | 3283 ||| IDENTIFYING fizzy emerald potion
  3284 | D:3      | 3284 ||| READING 9 scrolls of identify.
  3284 | D:3      | 3284 ||| IDENTIFYING clear potion
  3285 | D:3      | 3285 ||| READING 8 scrolls of identify.
  3285 | D:3      | 3285 ||| IDENTIFYING bubbling yellow potion
  3286 | D:3      | 3286 ||| DROPPING potion of berserk rage.
  3401 | D:4      | Reached skill level 1 in Dodging
  3413 | D:4      | 3413 ||| FLEEEEING.
  3414 | D:4      | 3414 ||| FLEEEEING.
  3415 | D:4      | 3415 ||| FLEEEEING.
  3416 | D:4      | 3416 ||| FLEEEEING.
  3417 | D:4      | 3417 ||| FLEEEEING.
  3418 | D:4      | 3418 ||| STAIRDANCE
  3586 | D:3      | 3586 ||| READING scroll labelled QUSINT WERAOKH.
  3647 | D:3      | 3647 ||| READING scroll labelled IMEQUN LULLOI.
  3822 | D:4      | 3822 ||| Stepping ~*~*~tactically~*~*~ (stealth).
  3828 | D:4      | 3828 ||| Stepping ~*~*~tactically~*~*~ (stealth).
  3942 | D:4      | Found a staircase to the Ecumenical Temple.
  3943 | D:4      | 3943 ||| PLANNING TEMPLE
  3943 | D:4      | 3943 ||| Stepping ~*~*~tactically~*~*~ (stealth).
  3952 | D:4      | 3952 ||| UPGRADING to +0 plate armour.
  3962 | D:4      | 3962 ||| DROPPING +0 scale mail.
  3963 | D:4      | 3963 ||| DRINKING 2 fizzy black potions.
  3964 | D:4      | 3964 ||| READING 7 scrolls of identify.
  3964 | D:4      | 3964 ||| IDENTIFYING fuming ruby potion
  3965 | D:4      | 3965 ||| DROPPING potion of flight.
  3974 | Temple   | Entered the Ecumenical Temple
  4040 | Temple   | 4040 ||| PLANNING D:1-11
  4149 | D:4      | Reached skill level 6 in Axes
  4149 | D:4      | Reached XP level 7. HP: 26/44 MP: 7/7
  4737 | D:5      | Entered Level 5 of the Dungeon
  4799 | D:5      | 4799 ||| Stepping ~*~*~tactically~*~*~ (stealth).
  4948 | D:5      | 4948 ||| Stepping ~*~*~tactically~*~*~ (hiding).
  5071 | D:5      | Found a large runed translucent door.
  5072 | D:5      | Found a large runed translucent door.
  5080 | D:5      | Noticed a wyvern
  5082 | D:5      | 5082 ||| READING 6 scrolls of teleportation.
  5163 | D:5      | 5163 ||| STAIRDANCE
  5171 | D:4      | Reached XP level 8. HP: 34/49 MP: 8/8
  5269 | D:5      | 5269 ||| STAIRDANCE
  5275 | D:4      | 5275 ||| READING scroll labelled MIPAON KAOS.
  5286 | D:5      | 5286 ||| FLEEEEING.
  5287 | D:5      | 5287 ||| FLEEEEING.
  5288 | D:5      | 5288 ||| STAIRDANCE
  5334 | D:5      | 5334 ||| STAIRDANCE
  5370 | D:5      | Found a large runed translucent door.
  5370 | D:5      | Found a large runed translucent door.
  5504 | D:5      | Noticed Eustachio
  5527 | D:5      | Killed Eustachio
  5591 | D:5      | Found a broken altar of Ashenzari.
  5697 | D:5      | 5697 ||| READING 6 scrolls of teleportation.
  5699 | D:5      | 5699 ||| FLEEEEING.
  5706 | D:5      | Reached skill level 6 in Fighting
  5759 | D:5      | Noticed Menkaure
  5766 | D:5      | Killed Menkaure
  5925 | D:5      | Found a sparkling altar of Nemelex Xobeh.
  6087 | D:5      | 6087 ||| Stepping ~*~*~tactically~*~*~ (stealth).
  6090 | D:5      | 6090 ||| Stepping ~*~*~tactically~*~*~ (hiding).
  6091 | D:5      | 6091 ||| Stepping ~*~*~tactically~*~*~ (hiding).
  6092 | D:5      | 6092 ||| Stepping ~*~*~tactically~*~*~ (hiding).
  6104 | D:5      | Reached XP level 9. HP: 25/56 MP: 9/9
  6419 | D:5      | 6419 ||| DRINKING 3 potions of curing.
  6419 | D:5      | 6419 ||| (to cure confusion)
  6428 | D:5      | Reached skill level 9 in Axes
  6527 | D:5      | 6527 ||| DROPPING +0 flail.
  6616 | D:5      | 6616 ||| UPGRADING to +1 pair of gloves of dexterity.
  6621 | D:5      | 6621 ||| READING scroll labelled SUNAN QOEMORO.
  6795 | D:6      | Noticed Sigmund
  6804 | D:6      | Killed Sigmund
  6881 | D:6      | Noticed a deep elf zephyrmancer
  6894 | D:6      | Killed a deep elf zephyrmancer
  7058 | D:6      | Found an iron altar of Okawaru.
  7059 | D:6      | 7059 ||| PLANNING OKAWARU WORSHIP
  7064 | D:6      | Became a worshipper of Warmaster Okawaru
  7065 | D:6      | 7065 ||| PLANNING D:1-11
  7275 | D:6      | 7275 ||| FLEEEEING.
  7276 | D:6      | 7276 ||| FLEEEEING.
  7277 | D:6      | 7277 ||| FLEEEEING.
  7278 | D:6      | 7278 ||| FLEEEEING.
  7279 | D:6      | 7279 ||| FLEEEEING.
  7280 | D:6      | 7280 ||| FLEEEEING.
  7283 | D:6      | 7283 ||| FLEEEEING.
  7284 | D:6      | 7284 ||| FLEEEEING.
  7285 | D:6      | 7285 ||| FLEEEEING.
  7286 | D:6      | 7286 ||| FLEEEEING.
  7585 | D:6      | Found a runed translucent door.
  7586 | D:6      | Noticed Crazy Yiuf
  7851 | D:7      | 7851 ||| Stepping ~*~*~tactically~*~*~ (cloud).
  7866 | D:7      | 7866 ||| Stepping ~*~*~tactically~*~*~ (cloud).
  7867 | D:7      | 7867 ||| STAIRDANCE
  8139 | D:7      | 8139 ||| Stepping ~*~*~tactically~*~*~ (hiding).
  8146 | D:7      | Reached XP level 10. HP: 61/63 MP: 10/10
  8259 | D:7      | 8259 ||| FLEEEEING.
  8262 | D:7      | 8262 ||| FLEEEEING.
  8263 | D:7      | 8263 ||| FLEEEEING.
  8264 | D:7      | 8264 ||| FLEEEEING.
  8265 | D:7      | 8265 ||| FLEEEEING.
  8266 | D:7      | 8266 ||| FLEEEEING.
  8267 | D:7      | 8267 ||| FLEEEEING.
  8268 | D:7      | 8268 ||| FLEEEEING.
  8269 | D:7      | 8269 ||| FLEEEEING.
  8270 | D:7      | 8270 ||| FLEEEEING.
  8271 | D:7      | 8271 ||| FLEEEEING.
  8272 | D:7      | 8272 ||| FLEEEEING.
  8273 | D:7      | 8273 ||| FLEEEEING.
  8274 | D:7      | 8274 ||| FLEEEEING.
  8275 | D:7      | 8275 ||| FLEEEEING.
  8276 | D:7      | 8276 ||| FLEEEEING.
  8277 | D:7      | 8277 ||| FLEEEEING.
  8278 | D:7      | 8278 ||| FLEEEEING.
  8279 | D:7      | 8279 ||| FLEEEEING.
  8280 | D:7      | 8280 ||| FLEEEEING.
  8281 | D:7      | 8281 ||| FLEEEEING.
  8282 | D:7      | 8282 ||| FLEEEEING.
  8283 | D:7      | 8283 ||| FLEEEEING.
  8284 | D:7      | 8284 ||| FLEEEEING.
  8285 | D:7      | 8285 ||| FLEEEEING.
  8286 | D:7      | 8286 ||| FLEEEEING.
  8287 | D:7      | 8287 ||| FLEEEEING.
  8288 | D:7      | 8288 ||| FLEEEEING.
  8289 | D:7      | 8289 ||| FLEEEEING.
  8290 | D:7      | 8290 ||| FLEEEEING.
  8291 | D:7      | 8291 ||| FLEEEEING.
  8292 | D:7      | 8292 ||| FLEEEEING.
  8293 | D:7      | 8293 ||| STAIRDANCE
  8396 | D:6      | 8396 ||| READING scroll labelled RIGEKI ZANYDEN.
  8473 | D:7      | 8473 ||| Stepping ~*~*~tactically~*~*~ (stealth).
  8487 | D:7      | Reached * piety under Okawaru
  8497 | D:7      | 8497 ||| Stepping randomly (cloudy).
  8498 | D:7      | 8498 ||| INVOKING Heroism.
  8508 | D:7      | Reached skill level 1 in Invocations
  8511 | D:7      | 8511 ||| Stepping ~*~*~tactically~*~*~ (hiding).
  8754 | D:7      | Found a snail-covered altar of Cheibriados.
  8945 | D:7      | 8945 ||| READING scroll labelled ECZEGY NOZASM.
  8946 | D:7      | 8946 ||| READING 9 scrolls of identify.
  8946 | D:7      | 8946 ||| IDENTIFYING amethyst potion
  8953 | D:8      | 8953 ||| STAIRDANCE
  8972 | D:8      | 8972 ||| READING scroll of enchant weapon.
  8972 | D:8      | 8972 ||| ENCHANTING +2 war axe of draining.
  8992 | D:8      | 8992 ||| Stepping ~*~*~tactically~*~*~ (stealth).
  8997 | D:8      | 8997 ||| INVOKING Heroism.
  9121 | D:8      | 9121 ||| Stepping ~*~*~tactically~*~*~ (stealth).
  9122 | D:8      | 9122 ||| INVOKING Heroism.
  9131 | D:8      | Reached skill level 1 in Throwing
  9131 | D:8      | Reached skill level 3 in Invocations
  9143 | D:8      | 9143 ||| Stepping ~*~*~tactically~*~*~ (stealth).
  9171 | D:8      | Noticed Erica
  9172 | D:8      | 9172 ||| Stepping ~*~*~tactically~*~*~ (stealth).
  9180 | D:8      | Found a staircase to the Lair.
  9183 | D:8      | 9183 ||| INVOKING Heroism.
  9193 | D:8      | 9193 ||| DRINKING 2 potions of curing.
  9193 | D:8      | 9193 ||| (to cure confusion)
  9199 | D:8      | Killed Erica
  9199 | D:8      | Reached ** piety under Okawaru
  9228 | D:8      | 9228 ||| FLEEEEING.
  9229 | D:8      | 9229 ||| FLEEEEING.
  9230 | D:8      | 9230 ||| FLEEEEING.
  9235 | D:8      | 9235 ||| FLEEEEING.
  9236 | D:8      | 9236 ||| FLEEEEING.
  9237 | D:8      | 9237 ||| FLEEEEING.
  9238 | D:8      | 9238 ||| FLEEEEING.
  9244 | D:8      | 9244 ||| FLEEEEING.
  9245 | D:8      | 9245 ||| FLEEEEING.
  9249 | D:8      | 9249 ||| STAIRDANCE
  9326 | D:7      | 9326 ||| READING 8 scrolls of identify.
  9326 | D:7      | 9326 ||| IDENTIFYING emerald potion
  9327 | D:7      | 9327 ||| DROPPING potion of brilliance.
  9337 | D:8      | 9337 ||| STAIRDANCE
  9373 | D:7      | 9373 ||| INVOKING Heroism.
  9425 | D:7      | 9425 ||| SWAPPING to +0 broad axe.
  9426 | D:7      | 9426 ||| DROPPING +3 war axe of draining.
  9444 | D:8      | 9444 ||| Stepping ~*~*~tactically~*~*~ (stealth).
  9462 | D:8      | 9462 ||| READING 7 scrolls of teleportation.
  9482 | D:8      | 9482 ||| Stepping ~*~*~tactically~*~*~ (stealth).
  9625 | D:8      | Noticed Joseph
  9639 | D:8      | Killed Joseph
  9639 | D:8      | Reached *** piety under Okawaru
  9640 | D:8      | Reached XP level 11. HP: 52/69 MP: 14/14
  9790 | D:8      | Noticed a two-headed ogre
  9791 | D:8      | 9791 ||| INVOKING Heroism.
  9800 | D:8      | Killed a two-headed ogre
  9801 | D:8      | Reached skill level 9 in Fighting
 10385 | D:8      | Found a shadowy altar of Dithmenos.
 10391 | D:8      | 10391 ||| PLANNING LAIR
 10391 | D:8      | 10391 ||| UPGRADING to +0 pair of boots.
 10396 | D:8      | 10396 ||| READING 7 scrolls of identify.
 10396 | D:8      | 10396 ||| IDENTIFYING cyan potion
 10397 | D:8      | 10397 ||| DROPPING potion of degeneration.
 10434 | Lair:1   | Entered Level 1 of the Lair of Beasts
 10446 | Lair:1   | 10446 ||| INVOKING Heroism.
 10470 | Lair:1   | 10470 ||| INVOKING Heroism.
 10799 | Lair:1   | Found a bloodstained altar of Trog.
 10831 | Lair:1   | 10831 ||| INVOKING Heroism.
 11026 | Lair:1   | 11026 ||| INVOKING Heroism.
 11100 | Lair:1   | 11100 ||| INVOKING Heroism.
 11213 | Lair:1   | 11213 ||| INVOKING Heroism.
 11386 | Lair:1   | 11386 ||| READING 3 scrolls of brand weapon.
 11386 | Lair:1   | 11386 ||| BRANDING +0 broad axe.
 11387 | Lair:1   | 11387 ||| READING 2 scrolls of brand weapon.
 11387 | Lair:1   | 11387 ||| BRANDING +0 vorpal broad axe.
 11388 | Lair:1   | 11388 ||| READING scroll of brand weapon.
 11388 | Lair:1   | 11388 ||| BRANDING +0 broad axe of venom.
 11727 | Lair:1   | 11727 ||| INVOKING Heroism.
 11737 | Lair:1   | Reached **** piety under Okawaru
 11795 | Lair:1   | 11795 ||| INVOKING Heroism.
 12064 | Lair:1   | 12064 ||| UPGRADING to amulet of the acrobat.
 12069 | Lair:1   | 12069 ||| UPGRADING to +4 ring of slaying {mikee}.
 12070 | Lair:1   | 12070 ||| READING 7 scrolls of identify.
 12070 | Lair:1   | 12070 ||| IDENTIFYING red potion
 12071 | Lair:1   | 12071 ||| DROPPING potion of ambrosia.
 12085 | Lair:2   | 12085 ||| PLANNING GAUNTLET
 12085 | Lair:2   | Found a staircase to the Snake Pit.
 12086 | Lair:2   | 12086 ||| INVOKING Heroism.
 12089 | Lair:2   | Noticed Amaemon
 12098 | Lair:2   | HP: 17/72 [polar bear (11)]
 12099 | Lair:2   | 12099 ||| READING 7 scrolls of teleportation.
 12099 | Lair:2   | HP: 5/72 [polar bear (10)]
 12100 | Lair:2   | 12100 ||| DRINKING potion of heal wounds.
 12102 | Lair:2   | Found a staircase to the Swamp.
 12326 | Lair:2   | 12326 ||| Stepping ~*~*~tactically~*~*~ (stealth).
 12327 | Lair:2   | 12327 ||| Stepping ~*~*~tactically~*~*~ (stealth).
 12338 | Lair:2   | 12338 ||| Stepping ~*~*~tactically~*~*~ (stealth).
 12348 | Lair:2   | 12348 ||| Stepping ~*~*~tactically~*~*~ (stealth).
 12349 | Lair:2   | 12349 ||| Stepping ~*~*~tactically~*~*~ (stealth).
 12352 | Lair:2   | 12352 ||| Stepping ~*~*~tactically~*~*~ (stealth).
 12353 | Lair:2   | 12353 ||| INVOKING Heroism.
 12365 | Lair:2   | Killed Amaemon
 12365 | Lair:2   | Received a gift from Okawaru
 12366 | Lair:2   | Reached skill level 12 in Axes
 12379 | Lair:2   | 12379 ||| DROPPING +0 morningstar.
 12408 | Lair:2   | 12408 ||| Stepping ~*~*~tactically~*~*~ (hiding).
 12415 | Lair:2   | 12415 ||| INVOKING Heroism.
 12437 | Lair:2   | 12437 ||| Stepping ~*~*~tactically~*~*~ (stealth).
 12465 | Lair:2   | 12465 ||| INVOKING Heroism.
 12472 | Lair:2   | Reached skill level 6 in Invocations
 12622 | Lair:2   | 12622 ||| RIP GAUNTLET
 12662 | Lair:2   | 12662 ||| PLANNING LAIR
 12696 | Lair:2   | 12696 ||| INVOKING Heroism.
 12713 | Lair:2   | Reached skill level 9 in Armour
 12721 | Lair:2   | Reached ***** piety under Okawaru
 12722 | Lair:2   | Reached XP level 12. HP: 68/77 MP: 15/17
 12724 | Lair:2   | 12724 ||| INVOKING Heroism.
 12739 | Lair:2   | HP: 12/77 [elephant (12)]
 12740 | Lair:2   | Reached skill level 6 in Shields
 12740 | Lair:2   | 12740 ||| READING 7 scrolls of teleportation.
 12746 | Lair:2   | 12746 ||| READING 6 scrolls of teleportation.
 13076 | Lair:2   | 13076 ||| INVOKING Heroism.
 13077 | Lair:2   | 13077 ||| INVOKING Finesse.
 13082 | Lair:2   | Noticed Fannar
 13107 | Lair:2   | Killed Fannar
 13581 | Lair:2   | Noticed Maggie
 13595 | Lair:2   | Killed Maggie
 13711 | Lair:2   | 13711 ||| UPGRADING to +4 ring of evasion.
 13733 | Lair:3   | 13733 ||| INVOKING Heroism.
 13735 | Lair:3   | 13735 ||| STAIRDANCE
 13747 | Lair:3   | 13747 ||| STAIRDANCE
 14035 | Lair:3   | 14035 ||| Stepping ~*~*~tactically~*~*~ (stealth).
 14037 | Lair:3   | 14037 ||| Stepping ~*~*~tactically~*~*~ (stealth).
 14040 | Lair:3   | 14040 ||| INVOKING Heroism.
 14055 | Lair:3   | Reached skill level 9 in Invocations
 14086 | Lair:3   | Received a gift from Okawaru
 14154 | Lair:3   | 14154 ||| READING scroll of enchant weapon.
 14154 | Lair:3   | 14154 ||| ENCHANTING +0 broad axe of protection.
 14241 | Lair:3   | Found a frozen archway.
 14242 | Lair:3   | 14242 ||| INVOKING Heroism.
 14260 | Lair:3   | 14260 ||| INVOKING Heroism.
 14405 | Lair:3   | Noticed a five-headed hydra
 14406 | Lair:3   | 14406 ||| INVOKING Heroism.
 14407 | Lair:3   | 14407 ||| INVOKING Finesse.
 14409 | Lair:3   | 14409 ||| SWAPPING to -2 demon whip of venom.
 14416 | Lair:3   | Killed a five-headed hydra
 14417 | Lair:3   | 14417 ||| SWAPPING to +1 broad axe of protection.
 14469 | Lair:3   | Noticed a four-headed hydra
 14470 | Lair:3   | 14470 ||| INVOKING Heroism.
 14471 | Lair:3   | 14471 ||| INVOKING Finesse.
 14473 | Lair:3   | 14473 ||| SWAPPING to -2 demon whip of venom.
 14479 | Lair:3   | Killed a four-headed hydra
 14480 | Lair:3   | 14480 ||| SWAPPING to +1 broad axe of protection.
 14964 | Lair:3   | 14964 ||| UPGRADING to +2 buckler of reflection.
 14974 | Lair:3   | 14974 ||| DROPPING +0 buckler.
 15007 | Lair:3   | 15007 ||| Stepping ~*~*~tactically~*~*~ (stealth).
 15009 | Lair:3   | 15009 ||| Stepping ~*~*~tactically~*~*~ (hiding).
 15125 | Lair:4   | Noticed a death yak
 15126 | Lair:4   | 15126 ||| INVOKING Heroism.
 15127 | Lair:4   | Noticed a death yak
 15128 | Lair:4   | 15128 ||| Stepping ~*~*~tactically~*~*~ (stealth).
 15128 | Lair:4   | Noticed a death yak
 15129 | Lair:4   | 15129 ||| Stepping ~*~*~tactically~*~*~ (stealth).
 15129 | Lair:4   | Noticed a death yak
 15130 | Lair:4   | 15130 ||| Stepping ~*~*~tactically~*~*~ (stealth).
 15130 | Lair:4   | Noticed a death yak
 15131 | Lair:4   | 15131 ||| INVOKING Finesse.
 15137 | Lair:4   | Killed a death yak
 15148 | Lair:4   | Killed a death yak
 15151 | Lair:4   | Killed a death yak
 15152 | Lair:4   | Killed a death yak
 15153 | Lair:4   | Reached XP level 13. HP: 70/82 MP: 14/20
 15215 | Lair:4   | 15215 ||| INVOKING Heroism.
 15216 | Lair:4   | 15216 ||| SWAPPING to -2 demon whip of venom.
 15217 | Lair:4   | 15217 ||| INVOKING Finesse.
 15225 | Lair:4   | 15225 ||| SWAPPING to +1 broad axe of protection.
 15278 | Lair:4   | 15278 ||| Stepping ~*~*~tactically~*~*~ (stealth).
 15283 | Lair:4   | 15283 ||| Stepping ~*~*~tactically~*~*~ (stealth).
 15284 | Lair:4   | 15284 ||| INVOKING Heroism.
 15285 | Lair:4   | 15285 ||| SWAPPING to -2 demon whip of venom.
 15286 | Lair:4   | 15286 ||| INVOKING Finesse.
 15297 | Lair:4   | 15297 ||| SWAPPING to +1 broad axe of protection.
 15451 | Lair:4   | 15451 ||| INVOKING Heroism.
 15667 | Lair:4   | 15667 ||| Stepping ~*~*~tactically~*~*~ (stealth).
 15668 | Lair:4   | 15668 ||| Stepping ~*~*~tactically~*~*~ (stealth).
 15765 | Lair:4   | 15765 ||| INVOKING Heroism.
 15831 | Lair:4   | Found a staircase to the Slime Pits.
 15831 | Lair:4   | Found a viscous altar of Jiyva.
 16246 | Lair:4   | 16246 ||| UPGRADING to +0 cloak of willpower.
 16256 | Lair:4   | 16256 ||| DROPPING +0 cloak.
 16257 | Lair:4   | 16257 ||| UPGRADING to +0 helmet.
 16262 | Lair:4   | 16262 ||| DROPPING amulet of guardian spirit.
 16263 | Lair:4   | 16263 ||| READING 10 scrolls of identify.
 16263 | Lair:4   | 16263 ||| IDENTIFYING inky potion
 16264 | Lair:4   | 16264 ||| DROPPING potion of invisibility.
 16286 | Lair:5   | Entered Level 5 of the Lair of Beasts
 16297 | Lair:5   | 16297 ||| Stepping ~*~*~tactically~*~*~ (stealth).
 16298 | Lair:5   | 16298 ||| INVOKING Heroism.
 16301 | Lair:5   | Identified the +0 hat of Analysis {SInv} (Okawaru gifted it
                  | to you on level 5 of the Lair of Beasts)
 16301 | Lair:5   | Received a gift from Okawaru
 16314 | Lair:5   | Reached skill level 3 in Dodging
 16393 | Lair:5   | 16393 ||| Stepping ~*~*~tactically~*~*~ (stealth).
 16394 | Lair:5   | 16394 ||| INVOKING Heroism.
 16396 | Lair:5   | 16396 ||| Stepping ~*~*~tactically~*~*~ (stealth).
 16406 | Lair:5   | 16406 ||| Stepping ~*~*~tactically~*~*~ (stealth).
 16407 | Lair:5   | 16407 ||| INVOKING Finesse.
 16419 | Lair:5   | 16419 ||| Stepping ~*~*~tactically~*~*~ (stealth).
 16420 | Lair:5   | 16420 ||| Stepping ~*~*~tactically~*~*~ (stealth).
 16477 | Lair:5   | 16477 ||| INVOKING Heroism.
 16483 | Lair:5   | 16483 ||| Stepping ~*~*~tactically~*~*~ (stealth).
 16496 | Lair:5   | 16496 ||| INVOKING Finesse.
 16499 | Lair:5   | 16499 ||| INVOKING Heroism.
 16504 | Lair:5   | 16504 ||| READING scroll of enchant armour.
 16504 | Lair:5   | 16504 ||| ENCHANTING +1 pair of gloves of dexterity.
 16551 | Lair:5   | 16551 ||| Stepping ~*~*~tactically~*~*~ (stealth).
 16552 | Lair:5   | 16552 ||| Stepping ~*~*~tactically~*~*~ (stealth).
 16572 | Lair:5   | 16572 ||| Stepping ~*~*~tactically~*~*~ (stealth).
 16574 | Lair:5   | 16574 ||| INVOKING Heroism.
 16575 | Lair:5   | 16575 ||| INVOKING Finesse.
 16588 | Lair:5   | 16588 ||| Stepping ~*~*~tactically~*~*~ (stealth).
 16649 | Lair:5   | 16649 ||| Stepping ~*~*~tactically~*~*~ (stealth).
 16651 | Lair:5   | 16651 ||| INVOKING Heroism.
 16687 | Lair:5   | 16687 ||| SWAPPING to -2 demon whip of venom.
 16699 | Lair:5   | 16699 ||| SWAPPING to +1 broad axe of protection.
 16838 | Lair:5   | 16838 ||| INVOKING Heroism.
 16950 | Lair:5   | 16950 ||| Stepping ~*~*~tactically~*~*~ (stealth).
 16951 | Lair:5   | 16951 ||| Stepping ~*~*~tactically~*~*~ (stealth).
 16952 | Lair:5   | 16952 ||| INVOKING Heroism.
 16962 | Lair:5   | 16962 ||| Stepping ~*~*~tactically~*~*~ (stealth).
 16965 | Lair:5   | 16965 ||| Stepping ~*~*~tactically~*~*~ (stealth).
 16967 | Lair:5   | 16967 ||| Stepping ~*~*~tactically~*~*~ (stealth).
 16980 | Lair:5   | 16980 ||| INVOKING Heroism.
 17004 | Lair:5   | 17004 ||| Stepping ~*~*~tactically~*~*~ (stealth).
 17008 | Lair:5   | 17008 ||| Stepping ~*~*~tactically~*~*~ (stealth).
 17063 | Lair:5   | 17063 ||| INVOKING Heroism.
 17077 | Lair:5   | 17077 ||| Stepping ~*~*~tactically~*~*~ (stealth).
 17090 | Lair:5   | Gained mutation: Your large and strong wings let you fly.
                  | [Gargoyle growth]
 17090 | Lair:5   | Reached XP level 14. HP: 89/90 MP: 21/21
 17101 | Lair:5   | 17101 ||| INVOKING Heroism.
 17162 | Lair:5   | 17162 ||| Stepping ~*~*~tactically~*~*~ (stealth).
 17172 | Lair:5   | 17172 ||| INVOKING Heroism.
 17175 | Lair:5   | 17175 ||| SWAPPING to -2 demon whip of venom.
 17176 | Lair:5   | 17176 ||| SWAPPING to +1 broad axe of protection.
 17178 | Lair:5   | 17178 ||| SWAPPING to -2 demon whip of venom.
 17188 | Lair:5   | 17188 ||| SWAPPING to +1 broad axe of protection.
 17267 | Lair:5   | 17267 ||| Stepping ~*~*~tactically~*~*~ (stealth).
 17268 | Lair:5   | 17268 ||| Stepping ~*~*~tactically~*~*~ (stealth).
 17270 | Lair:5   | 17270 ||| INVOKING Heroism.
 17271 | Lair:5   | 17271 ||| SWAPPING to -2 demon whip of venom.
 17281 | Lair:5   | Reached skill level 15 in Axes
 17281 | Lair:5   | 17281 ||| SWAPPING to +1 broad axe of protection.
 17361 | Lair:5   | 17361 ||| Stepping ~*~*~tactically~*~*~ (stealth).
 17362 | Lair:5   | 17362 ||| Stepping ~*~*~tactically~*~*~ (stealth).
 17557 | Lair:5   | 17557 ||| INVOKING Heroism.
 17561 | Lair:5   | 17561 ||| SWAPPING to -2 demon whip of venom.
 17568 | Lair:5   | 17568 ||| SWAPPING to +1 broad axe of protection.
 17848 | Lair:5   | 17848 ||| PLANNING D:1-11
 17848 | Lair:5   | 17848 ||| UPGRADING to +0 hat of Analysis {SInv}.
 18014 | D:9      | 18014 ||| STAIRDANCE
 18022 | D:9      | 18022 ||| STAIRDANCE
 18024 | D:8      | 18024 ||| INVOKING Heroism.
 18060 | D:9      | 18060 ||| INVOKING Heroism.
 18105 | D:9      | Found an ornate altar of the Wu Jian Council.
 18134 | D:9      | Found a staircase to the Orcish Mines.
 18292 | D:9      | Found a radiant altar of Vehumet.
 18301 | D:9      | 18301 ||| READING scroll of enchant armour.
 18301 | D:9      | 18301 ||| ENCHANTING +0 pair of boots.
 18441 | D:9      | 18441 ||| INVOKING Heroism.
 18482 | D:9      | Found a large runed translucent door.
 18483 | D:9      | Found a large runed translucent door.
 18520 | D:9      | Reached skill level 12 in Fighting
 18550 | D:9      | 18550 ||| DROPPING +6 ring of dexterity.
 18585 | D:10     | Entered Level 10 of the Dungeon
 18591 | D:10     | 18591 ||| STAIRDANCE
 18664 | D:10     | 18664 ||| STAIRDANCE
 18744 | D:10     | 18744 ||| STAIRDANCE
 18816 | D:10     | 18816 ||| STAIRDANCE
 18922 | D:10     | Found an ancient bone altar of Kikubaaqudgha.
 19006 | D:10     | 19006 ||| INVOKING Heroism.
 19153 | D:10     | Found Gozag's Platinum Reserve.
 19154 | D:10     | Found an opulent altar of Gozag.
 19176 | D:10     | 19176 ||| Stepping ~*~*~tactically~*~*~ (hiding).
 19279 | D:10     | Found Nihugaj's Weapon Shop.
 19285 | D:10     | Found Esupn's Antique Armour Shoppe.
 19295 | D:10     | 19295 ||| BUYING brightly glowing kite shield (313 gold).
 19295 | D:10     | Bought a brightly glowing kite shield for 313 gold pieces
 19295 | D:10     | Identified the +0 kite shield of Plasticity {rC++ rN+ SInv
                  | Stlth-} (You bought it in a shop on level 10 of the
                  | Dungeon)
 19295 | D:10     | 19295 ||| BUYING shiny helmet (247 gold).
 19295 | D:10     | Bought a shiny helmet for 247 gold pieces
 19486 | D:10     | Found Atruaq's Armour Boutique.
 19494 | D:10     | 19494 ||| BUYING +1 plate armour of poison resistance (416
                  | gold).
 19494 | D:10     | Bought a +1 plate armour of poison resistance for 416 gold
                  | pieces
 19494 | D:10     | 19494 ||| SHOPLISTING +2 plate armour of willpower (520
                  | gold, have 117).
 19531 | D:10     | Found Siathrajy's Assorted Antiques.
 19536 | D:10     | 19536 ||| BUYING potion of curing (75 gold).
 19536 | D:10     | Bought a potion of curing for 75 gold pieces
 19536 | D:10     | 19536 ||| SHOPLISTING runed plate armour (650 gold, have
                  | 42).
 19574 | D:10     | Found Cesevem's Jewellery Shoppe.
 19581 | D:10     | 19581 ||| SHOPLISTING ring of protection from cold (325
                  | gold, have 42).
 19581 | D:10     | 19581 ||| SHOPLISTING ring of resist corrosion (260 gold,
                  | have 42).
 19596 | D:10     | Found a shimmering blue altar of Sif Muna.
 19639 | D:10     | 19639 ||| UPGRADING to +0 kite shield of Plasticity {rC++
                  | rN+ SInv Stlth-}.
 19649 | D:10     | 19649 ||| DROPPING +2 buckler of reflection.
 19650 | D:10     | 19650 ||| UPGRADING to +0 helmet.
 19660 | D:10     | 19660 ||| UPGRADING to +1 helmet.
 19670 | D:10     | 19670 ||| DROPPING +0 helmet.
 19671 | D:10     | 19671 ||| UPGRADING to +1 plate armour of poison
                  | resistance.
 19681 | D:10     | 19681 ||| DROPPING +0 plate armour.
 19760 | D:11     | Noticed Harold
 19772 | D:11     | Killed Harold
 20103 | D:11     | 20103 ||| Stepping ~*~*~tactically~*~*~ (stealth).
 20105 | D:11     | 20105 ||| Stepping ~*~*~tactically~*~*~ (hiding).
 20640 | D:11     | 20640 ||| INVOKING Heroism.
 20645 | D:11     | Noticed Josephine
 20654 | D:11     | Killed Josephine
 20878 | D:11     | 20878 ||| PLANNING D
 20878 | D:11     | 20878 ||| READING scroll labelled QULOUJOVEN.
 20879 | D:11     | 20879 ||| READING 12 scrolls of identify.
 20879 | D:11     | 20879 ||| IDENTIFYING white potion
 20983 | D:12     | Identified the +8 dagger of Tartarus {vorpal, *Slow rPois
                  | rN++ Dex+3}
 21091 | D:12     | 21091 ||| FLEEEEING.
 21092 | D:12     | 21092 ||| FLEEEEING.
 21095 | D:12     | 21095 ||| FLEEEEING.
 21098 | D:12     | 21098 ||| FLEEEEING.
 21099 | D:12     | 21099 ||| FLEEEEING.
 21112 | D:12     | 21112 ||| FLEEEEING.
 21113 | D:12     | 21113 ||| FLEEEEING.
 21240 | D:12     | Noticed Rupert
 21241 | D:12     | 21241 ||| INVOKING Heroism.
 21242 | D:12     | 21242 ||| DRINKING 6 potions of curing.
 21242 | D:12     | 21242 ||| (to cure confusion)
 21243 | D:12     | 21243 ||| INVOKING Finesse.
 21248 | D:12     | 21248 ||| DRINKING 5 potions of curing.
 21248 | D:12     | 21248 ||| (to cure confusion)
 21262 | D:12     | Killed Rupert
 21263 | D:12     | Reached skill level 9 in Shields
 21426 | D:12     | 21426 ||| Stepping ~*~*~tactically~*~*~ (hiding).
 21443 | D:12     | 21443 ||| INVOKING Heroism.
 21606 | D:12     | 21606 ||| READING scroll of enchant weapon.
 21606 | D:12     | 21606 ||| ENCHANTING +1 broad axe of protection.
 22040 | D:12     | 22040 ||| READING scroll of enchant armour.
 22040 | D:12     | 22040 ||| ENCHANTING +1 helmet.
 22258 | D:12     | 22258 ||| DROPPING +0 hat of Analysis {SInv}.
 22300 | D:13     | 22300 ||| Stepping ~*~*~tactically~*~*~ (hiding).
 22308 | D:13     | 22308 ||| INVOKING Heroism.
 22334 | D:13     | 22334 ||| Stepping ~*~*~tactically~*~*~ (stealth).
 22366 | D:13     | 22366 ||| INVOKING Heroism.
 22474 | D:13     | Found Sawy's Antique Weapon Boutique.
 22567 | D:13     | 22567 ||| Stepping ~*~*~tactically~*~*~ (hiding).
 22568 | D:13     | 22568 ||| INVOKING Heroism.
 22569 | D:13     | 22569 ||| Stepping ~*~*~tactically~*~*~ (hiding).
 22864 | D:13     | 22864 ||| Stepping ~*~*~tactically~*~*~ (hiding).
 23172 | D:13     | Reached skill level 12 in Shields
 23276 | D:14     | 23276 ||| STAIRDANCE
 23345 | D:14     | 23345 ||| INVOKING Heroism.
 23346 | D:14     | 23346 ||| INVOKING Finesse.
 23355 | D:14     | Identified the +4 war axe "Rayco" {venom, rPois rN+ Dex-5
                  | SInv} (Okawaru gifted it to you on level 14 of the Dungeon)
 23355 | D:14     | Received a gift from Okawaru
 23356 | D:14     | Reached XP level 15. HP: 96/96 MP: 15/22
 23572 | D:14     | Identified the +0 ring mail of the Lumpy Continents {rElec
                  | rF+ Will+ Str+3}
 23687 | D:14     | 23687 ||| INVOKING Heroism.
 23738 | D:14     | 23738 ||| Stepping ~*~*~tactically~*~*~ (hiding).
 23740 | D:14     | 23740 ||| INVOKING Heroism.
 23744 | D:14     | Reached skill level 12 in Armour
 24028 | D:14     | 24028 ||| Stepping ~*~*~tactically~*~*~ (hiding).
 24322 | D:14     | 24322 ||| READING 9 scrolls of teleportation.
 24421 | D:14     | 24421 ||| READING 8 scrolls of teleportation.
 24496 | D:14     | 24496 ||| READING 7 scrolls of teleportation.
 24498 | D:14     | 24498 ||| FLEEEEING.
 24545 | D:14     | 24545 ||| INVOKING Heroism.
 24671 | D:14     | 24671 ||| READING 6 scrolls of teleportation.
 24679 | D:14     | 24679 ||| READING 5 scrolls of teleportation.
 24686 | D:14     | 24686 ||| INVOKING Heroism.
 24710 | D:14     | 24710 ||| INVOKING Heroism.
 24942 | D:14     | Found a gate to the Vaults.
 24988 | D:14     | 24988 ||| FLEEEEING.
 25080 | D:14     | 25080 ||| READING 4 scrolls of teleportation.
 25135 | D:14     | 25135 ||| Stepping ~*~*~tactically~*~*~ (hiding).
 25137 | D:14     | 25137 ||| Stepping ~*~*~tactically~*~*~ (hiding).
 25226 | D:14     | 25226 ||| READING 3 scrolls of teleportation.
 25237 | D:14     | 25237 ||| Stepping ~*~*~tactically~*~*~ (stealth).
 25239 | D:14     | 25239 ||| Stepping ~*~*~tactically~*~*~ (stealth).
 25241 | D:14     | 25241 ||| Stepping ~*~*~tactically~*~*~ (stealth).
 25243 | D:14     | 25243 ||| Stepping ~*~*~tactically~*~*~ (stealth).
 25337 | D:15     | Entered Level 15 of the Dungeon
 25343 | D:15     | Identified the +4 scale mail "Teffamat" {Harm rC- rCorr
                  | SInv}
 25357 | D:15     | 25357 ||| Stepping ~*~*~tactically~*~*~ (hiding).
 25436 | D:15     | Noticed Louise
 25438 | D:15     | 25438 ||| Stepping ~*~*~tactically~*~*~ (hiding).
 25440 | D:15     | 25440 ||| INVOKING Heroism.
 25441 | D:15     | 25441 ||| INVOKING Finesse.
 25442 | Abyss:2  | Cast into level 2 of the Abyss (Louise)
 25479 | Abyss:2  | Noticed a tentacled starspawn
 25480 | Abyss:2  | 25480 ||| Stepping ~*~*~tactically~*~*~ (stealth).
 25484 | Abyss:2  | 25484 ||| Stepping ~*~*~tactically~*~*~ (hiding).
 25487 | Abyss:2  | 25487 ||| Stepping ~*~*~tactically~*~*~ (hiding).
 25489 | Abyss:2  | 25489 ||| INVOKING Heroism.
 25498 | Abyss:2  | Killed a tentacled starspawn
 25510 | Abyss:2  | 25510 ||| Stepping ~*~*~tactically~*~*~ (stealth).
 25575 | Abyss:2  | Noticed a tentacled starspawn
 25576 | Abyss:2  | 25576 ||| Stepping ~*~*~tactically~*~*~ (hiding).
 25578 | Abyss:2  | 25578 ||| Stepping ~*~*~tactically~*~*~ (hiding).
 25586 | Abyss:2  | 25586 ||| Stepping ~*~*~tactically~*~*~ (hiding).
 25600 | Abyss:2  | Killed a tentacled starspawn
 25600 | Abyss:2  | Identified the +5 ring mail of a treasure trove {Fly MP+9
                  | Dex+5} (Okawaru gifted it to you on level 2 of the Abyss)
 25600 | Abyss:2  | Received a gift from Okawaru
 25629 | Abyss:2  | 25629 ||| Stepping ~*~*~tactically~*~*~ (stealth).
 25705 | Abyss:2  | 25705 ||| Stepping ~*~*~tactically~*~*~ (stealth).
 25707 | Abyss:2  | 25707 ||| Stepping ~*~*~tactically~*~*~ (stealth).
 25709 | Abyss:2  | 25709 ||| Stepping ~*~*~tactically~*~*~ (hiding).
 25752 | Abyss:2  | 25752 ||| Stepping ~*~*~tactically~*~*~ (stealth).
 25754 | Abyss:2  | 25754 ||| Stepping ~*~*~tactically~*~*~ (hiding).
 25761 | Abyss:2  | 25761 ||| INVOKING Heroism.
 25774 | Abyss:2  | Noticed a tentacled starspawn
 25785 | Abyss:2  | Killed a tentacled starspawn
 25790 | Abyss:2  | HP: 18/96 [smoke demon/divine providence (8)]
 25791 | Abyss:2  | 25791 ||| READING 2 scrolls of teleportation.
 25791 | Abyss:2  | HP: 4/96 [smoke demon/divine providence (14)]
 25792 | Abyss:2  | 25792 ||| DRINKING 8 potions of heal wounds.
 25797 | Abyss:2  | 25797 ||| Stepping ~*~*~tactically~*~*~ (stealth).
 25857 | Abyss:2  | 25857 ||| Stepping ~*~*~tactically~*~*~ (stealth).
 25861 | Abyss:2  | 25861 ||| Stepping ~*~*~tactically~*~*~ (stealth).
 25898 | Abyss:2  | 25898 ||| INVOKING Heroism.
 25997 | Abyss:2  | 25997 ||| INVOKING Heroism.
 26013 | Abyss:2  | Noticed a tentacled starspawn
 26014 | Abyss:2  | 26014 ||| Stepping ~*~*~tactically~*~*~ (stealth).
 26030 | Abyss:2  | 26030 ||| Stepping ~*~*~tactically~*~*~ (stealth).
 26033 | Abyss:2  | 26033 ||| Stepping ~*~*~tactically~*~*~ (stealth).
 26045 | Abyss:2  | 26045 ||| Stepping ~*~*~tactically~*~*~ (stealth).
 26049 | Abyss:2  | 26049 ||| INVOKING Heroism.
 26056 | Abyss:2  | Killed a tentacled starspawn
 26072 | D:15     | Escaped the Abyss
 26074 | D:15     | 26074 ||| INVOKING Finesse.
 26092 | D:15     | 26092 ||| INVOKING Heroism.
 26095 | D:15     | Killed Louise
 26281 | D:15     | 26281 ||| INVOKING Heroism.
 26282 | D:15     | 26282 ||| INVOKING Finesse.
 26299 | D:15     | 26299 ||| Stepping randomly (cloudy).
 26578 | D:15     | 26578 ||| INVOKING Heroism.
 26578 | D:15     | Noticed Azrael
 26579 | D:15     | 26579 ||| INVOKING Finesse.
 26600 | D:15     | Killed Azrael
 26733 | D:15     | 26733 ||| INVOKING Heroism.
 26888 | D:15     | 26888 ||| INVOKING Heroism.
 27123 | D:15     | Found a staircase to the Depths.
 27178 | D:15     | 27178 ||| Stepping ~*~*~tactically~*~*~ (hiding).
 27258 | D:15     | 27258 ||| PLANNING ORC
 27258 | D:15     | 27258 ||| UPGRADING to +0 tower shield.
 27268 | D:15     | 27268 ||| UPGRADING to +2 plate armour of willpower.
 27278 | D:15     | 27278 ||| DROPPING +1 plate armour of poison resistance.
 27279 | D:15     | 27279 ||| READING scroll labelled LICIENI LEIV.
 27478 | Orc:1    | Entered Level 1 of the Orcish Mines
 27478 | Orc:1    | Noticed an orc warlord
 27479 | Orc:1    | 27479 ||| INVOKING Heroism.
 27480 | Orc:1    | 27480 ||| INVOKING Finesse.
 27504 | Orc:1    | Killed an orc warlord
 27511 | Orc:1    | Noticed Urug
 27517 | Orc:1    | Reached XP level 16. HP: 93/101 MP: 18/23
 27522 | Orc:1    | Killed Urug
 27589 | Orc:1    | 27589 ||| Stepping ~*~*~tactically~*~*~ (hiding).
 27674 | Orc:1    | 27674 ||| Stepping ~*~*~tactically~*~*~ (stealth).
 27786 | Orc:1    | 27786 ||| Stepping ~*~*~tactically~*~*~ (stealth).
 27789 | Orc:1    | 27789 ||| Stepping ~*~*~tactically~*~*~ (hiding).
 28010 | Orc:2    | Entered Level 2 of the Orcish Mines
 28011 | Orc:2    | 28011 ||| INVOKING Heroism.
 28080 | Orc:2    | 28080 ||| Stepping ~*~*~tactically~*~*~ (stealth).
 28083 | Orc:2    | 28083 ||| Stepping ~*~*~tactically~*~*~ (stealth).
 28132 | Orc:2    | 28132 ||| STAIRDANCE
 28138 | Orc:2    | 28138 ||| STAIRDANCE
 28140 | Orc:1    | 28140 ||| INVOKING Heroism.
 28159 | Orc:2    | 28159 ||| STAIRDANCE
 28208 | Orc:2    | 28208 ||| STAIRDANCE
 28210 | Orc:1    | 28210 ||| INVOKING Heroism.
 28230 | Orc:2    | Reached skill level 3 in Throwing
 28241 | Orc:2    | HP: 20/101 [orc high priest/divine providence (8)]
 28242 | Orc:2    | 28242 ||| READING scroll of teleportation.
 28243 | Orc:2    | 28243 ||| DRINKING 7 potions of heal wounds.
 28245 | Orc:2    | Found Mipne's Jewellery Shop.
 28253 | Orc:2    | 28253 ||| INVOKING Finesse.
 28305 | Orc:2    | 28305 ||| INVOKING Heroism.
 28503 | Orc:2    | 28503 ||| Stepping ~*~*~tactically~*~*~ (stealth).
 28511 | Orc:2    | Found Onlasam's Antique Weapon Boutique.
 28512 | Orc:2    | 28512 ||| INVOKING Heroism.
 28521 | Orc:2    | Identified the +2 cloak of Mysticism {rC++ Dex-3 SInv
                  | Stlth+} (Okawaru gifted it to you on level 2 of the Orcish
                  | Mines)
 28521 | Orc:2    | Received a gift from Okawaru
 28557 | Orc:2    | 28557 ||| BUYING amulet of regeneration (480 gold).
 28557 | Orc:2    | Bought an amulet of regeneration for 480 gold pieces
 28572 | Orc:2    | Found Liaph's General Store.
 28586 | Orc:2    | 28586 ||| BUYING 2 potions of heal wounds (150 gold).
 28586 | Orc:2    | Bought 2 potions of heal wounds for 150 gold pieces
 28586 | Orc:2    | 28586 ||| BUYING potion of resistance (150 gold).
 28586 | Orc:2    | Bought a potion of resistance for 150 gold pieces
 28586 | Orc:2    | 28586 ||| BUYING scroll of teleportation (45 gold).
 28586 | Orc:2    | Bought a scroll of teleportation for 45 gold pieces
 28656 | Orc:2    | 28656 ||| Stepping ~*~*~tactically~*~*~ (hiding).
 28657 | Orc:2    | 28657 ||| Stepping ~*~*~tactically~*~*~ (hiding).
 28658 | Orc:2    | 28658 ||| Stepping ~*~*~tactically~*~*~ (hiding).
 28659 | Orc:2    | 28659 ||| INVOKING Heroism.
 28679 | Orc:2    | Found a staircase to the Elven Halls.
 28682 | Orc:2    | Found Wota's Distillery.
 28693 | Orc:2    | 28693 ||| BUYING potion of attraction (39 gold).
 28693 | Orc:2    | Bought a potion of attraction for 39 gold pieces
 28693 | Orc:2    | 28693 ||| BUYING potion of curing (39 gold).
 28693 | Orc:2    | Bought a potion of curing for 39 gold pieces
 28693 | Orc:2    | 28693 ||| BUYING potion of curing (39 gold).
 28693 | Orc:2    | Bought a potion of curing for 39 gold pieces
 28693 | Orc:2    | 28693 ||| BUYING potion of haste (130 gold).
 28693 | Orc:2    | Bought a potion of haste for 130 gold pieces
 28693 | Orc:2    | 28693 ||| BUYING potion of resistance (130 gold).
 28693 | Orc:2    | Bought a potion of resistance for 130 gold pieces
 28715 | Orc:2    | 28715 ||| Stepping ~*~*~tactically~*~*~ (stealth).
 28717 | Orc:2    | 28717 ||| Stepping ~*~*~tactically~*~*~ (hiding).
 28720 | Orc:2    | 28720 ||| Stepping ~*~*~tactically~*~*~ (hiding).
 28722 | Orc:2    | 28722 ||| INVOKING Heroism.
 28723 | Orc:2    | 28723 ||| INVOKING Finesse.
 28762 | Orc:2    | 28762 ||| Stepping ~*~*~tactically~*~*~ (hiding).
 28768 | Orc:2    | 28768 ||| Stepping ~*~*~tactically~*~*~ (hiding).
 28785 | Orc:2    | 28785 ||| Stepping ~*~*~tactically~*~*~ (stealth).
 28786 | Orc:2    | 28786 ||| INVOKING Heroism.
 28816 | Orc:2    | Found Jodeubre's Overcharged Wands.
 28827 | Orc:2    | 28827 ||| INVOKING Heroism.
 28898 | Orc:2    | 28898 ||| Stepping ~*~*~tactically~*~*~ (stealth).
 28900 | Orc:2    | 28900 ||| Stepping ~*~*~tactically~*~*~ (hiding).
 28901 | Orc:2    | 28901 ||| Stepping ~*~*~tactically~*~*~ (hiding).
 29028 | Orc:2    | 29028 ||| INVOKING Heroism.
 29081 | Orc:2    | 29081 ||| INVOKING Heroism.
 29111 | Orc:2    | Noticed qw's ghost (adept GrFi)
 29112 | Orc:2    | Found a one-way gate to the infinite horrors of the Abyss.
 29181 | Orc:2    | Found a transporter.
 29277 | Orc:2    | Found a transporter.
 29302 | Orc:2    | Found Ogiuh's Antique Armour Emporium.
 29311 | Orc:2    | 29311 ||| SHOPLISTING runed plate armour (598 gold, have
                  | 279).
 29311 | Orc:2    | 29311 ||| BUYING shiny helmet (172 gold).
 29311 | Orc:2    | Bought a shiny helmet for 172 gold pieces
 29464 | Orc:2    | 29464 ||| UPGRADING to +2 cloak of Mysticism {rC++ Dex-3
                  | SInv Stlth+}.
 29474 | Orc:2    | 29474 ||| DROPPING +1 helmet.
 29508 | Orc:1    | 29508 ||| INVOKING Heroism.
 29518 | Orc:1    | Reached skill level 15 in Shields
 29658 | Orc:1    | 29658 ||| PLANNING SWAMP:1-3
 29807 | Lair:2   | 29807 ||| Stepping ~*~*~tactically~*~*~ (hiding).
 29859 | Swamp:1  | Entered Level 1 of the Swamp
 29870 | Swamp:1  | 29870 ||| INVOKING Heroism.
 30094 | Swamp:1  | 30094 ||| Stepping ~*~*~tactically~*~*~ (stealth).
 30095 | Swamp:1  | 30095 ||| INVOKING Heroism.
 30204 | Swamp:1  | 30204 ||| Stepping ~*~*~tactically~*~*~ (hiding).
 30259 | Swamp:1  | 30259 ||| DRINKING potion of experience.
 30259 | Swamp:1  | Reached XP level 17. HP: 106/106 MP: 24/24
 30452 | Swamp:1  | 30452 ||| Stepping ~*~*~tactically~*~*~ (stealth).
 30453 | Swamp:1  | 30453 ||| Stepping ~*~*~tactically~*~*~ (stealth).
 30454 | Swamp:1  | 30454 ||| Stepping ~*~*~tactically~*~*~ (stealth).
 30456 | Swamp:1  | 30456 ||| INVOKING Heroism.
 30473 | Swamp:1  | Found a bloodstained altar of Trog.
 30483 | Swamp:1  | 30483 ||| READING scroll of enchant weapon.
 30483 | Swamp:1  | 30483 ||| ENCHANTING +2 broad axe of protection.
 30493 | Swamp:1  | 30493 ||| Stepping ~*~*~tactically~*~*~ (stealth).
 30495 | Swamp:1  | 30495 ||| Stepping ~*~*~tactically~*~*~ (hiding).
 30655 | Swamp:1  | 30655 ||| Stepping ~*~*~tactically~*~*~ (stealth).
 30656 | Swamp:1  | 30656 ||| Stepping ~*~*~tactically~*~*~ (stealth).
 30657 | Swamp:1  | 30657 ||| Stepping ~*~*~tactically~*~*~ (stealth).
 30679 | Swamp:1  | 30679 ||| SWAPPING to -2 demon whip of venom.
 30691 | Swamp:1  | 30691 ||| SWAPPING to +3 broad axe of protection.
 30694 | Swamp:1  | 30694 ||| Stepping ~*~*~tactically~*~*~ (stealth).
 30703 | Swamp:1  | 30703 ||| Stepping ~*~*~tactically~*~*~ (stealth).
 30712 | Swamp:1  | 30712 ||| INVOKING Heroism.
 30818 | Swamp:1  | 30818 ||| SWAPPING to -2 demon whip of venom.
 30824 | Swamp:1  | 30824 ||| Stepping ~*~*~tactically~*~*~ (outnumbered).
 30825 | Swamp:1  | 30825 ||| Stepping ~*~*~tactically~*~*~ (outnumbered).
 30826 | Swamp:1  | 30826 ||| Stepping ~*~*~tactically~*~*~ (outnumbered).
 30827 | Swamp:1  | 30827 ||| Stepping ~*~*~tactically~*~*~ (outnumbered).
 30828 | Swamp:1  | 30828 ||| Stepping ~*~*~tactically~*~*~ (outnumbered).
 30830 | Swamp:1  | 30830 ||| Stepping ~*~*~tactically~*~*~ (outnumbered).
 30831 | Swamp:1  | 30831 ||| Stepping ~*~*~tactically~*~*~ (outnumbered).
 30833 | Swamp:1  | 30833 ||| SWAPPING to +3 broad axe of protection.
 30847 | Swamp:1  | 30847 ||| DROPPING ring of see invisible.
 31071 | Swamp:1  | 31071 ||| INVOKING Heroism.
 31077 | Swamp:1  | 31077 ||| SWAPPING to -2 demon whip of venom.
 31085 | Swamp:1  | 31085 ||| SWAPPING to +3 broad axe of protection.
 31088 | Swamp:1  | 31088 ||| Stepping ~*~*~tactically~*~*~ (hiding).
 31195 | Swamp:1  | 31195 ||| Stepping ~*~*~tactically~*~*~ (hiding).
 31329 | Swamp:2  | 31329 ||| INVOKING Heroism.
 31330 | Swamp:2  | 31330 ||| Stepping ~*~*~tactically~*~*~ (stealth).
 31332 | Swamp:2  | 31332 ||| SWAPPING to -2 demon whip of venom.
 31341 | Swamp:2  | 31341 ||| SWAPPING to +3 broad axe of protection.
 31406 | Swamp:2  | 31406 ||| INVOKING Heroism.
 31411 | Swamp:2  | 31411 ||| STAIRDANCE
 31482 | Swamp:2  | 31482 ||| INVOKING Heroism.
 31559 | Swamp:2  | 31559 ||| FLEEEEING.
 31560 | Swamp:2  | 31560 ||| FLEEEEING.
 31561 | Swamp:2  | 31561 ||| STAIRDANCE
 31786 | Swamp:2  | 31786 ||| STAIRDANCE
 31888 | Swamp:2  | 31888 ||| Stepping ~*~*~tactically~*~*~ (hiding).
 31890 | Swamp:2  | 31890 ||| INVOKING Heroism.
 31923 | Swamp:2  | 31923 ||| Stepping ~*~*~tactically~*~*~ (hiding).
 31930 | Swamp:2  | 31930 ||| INVOKING Heroism.
 31934 | Swamp:2  | 31934 ||| Stepping ~*~*~tactically~*~*~ (cloud).
 32009 | Swamp:2  | 32009 ||| INVOKING Heroism.
 32067 | Swamp:2  | 32067 ||| INVOKING Heroism.
 32071 | Swamp:2  | 32071 ||| SWAPPING to -2 demon whip of venom.
 32077 | Swamp:2  | 32077 ||| SWAPPING to +3 broad axe of protection.
 32298 | Swamp:3  | 32298 ||| INVOKING Heroism.
 32316 | Swamp:3  | 32316 ||| Stepping ~*~*~tactically~*~*~ (stealth).
 32422 | Swamp:3  | 32422 ||| INVOKING Heroism.
 32424 | Swamp:3  | 32424 ||| SWAPPING to -2 demon whip of venom.
 32427 | Swamp:3  | 32427 ||| Stepping ~*~*~tactically~*~*~ (outnumbered).
 32433 | Swamp:3  | Received a gift from Okawaru
 32436 | Swamp:3  | HP: 26/108 [five-headed hydra (2)]
 32437 | Swamp:3  | 32437 ||| READING 2 scrolls of teleportation.
 32437 | Swamp:3  | HP: 1/108 [will-o-the-wisp/foxfire (23)]
 32437 | Swamp:3  | Mangled by a five-headed hydra

Levels and vault maps discovered:
D:1:      minmay_arrival_jagged, layout_basic, serial_shops,
          nicolae_shop_advertising_works [nicolae_subvault_shop_adworks],
          shop_statue, shop, shop, shapermc_ecumenical_altar_notcrosses
D:2:      layout_basic, hangedman_abyss_or_decor_stabs, minmay_joined_circles
D:3:      layout_loops_ring, mainiacjoe_overflow_brackets, minmay_ruptured
D:4:      layout_loops_corners, minmay_temple_entry_sparse_star,
          minmay_misc_feat_x
D:5:      layout_loops_cross, nemelex_diamond_rough_becter,
          mainiacjoe_overflow_catwalk, nrook_uturn,
          minmay_hollow_rounded_squares, uniq_eustachio, uniq_menkaure
D:6:      minmay_angry_zag, layout_gridville, mainiacjoe_overflow_tiny_flanked,
          guppyfry_early_elven_hall, uniq_crazy_yiuf_cottage, uniq_sigmund
D:7:      layout_loops_ring, mainiacjoe_overflow_concentric_impassable
D:8:      layout_layer_cave, mainiacjoe_overflow_alcove_2,
          due_lair_maze_entry_diamond, nicolae_concentric_dashed_squares_mild,
          minmay_sticks_and_stones, uniq_erica
D:9:      layout_roguey, lemuel_round_altar,
          nicolae_wu_jian_immortal_techniques, jmf_multi_god_temple2
D:10:     layout_loops_ring, kennysheep_mini_moat, amcnicky_altar_gilded,
          nicolae_gozag_zags_fifth_avenue, serial_shops,
          nicolae_shop_hallway_plus, nicolae_shop_waterfront, shop, shop, shop
D:11:     layout_basic, minmay_misc_feat_rugged, uniq_harold, uniq_josephine
D:12:     layout_basic, uniq_rupert
D:13:     layout_loops_cross, serial_shops, nicolae_shop_waterfront
D:14:     layout_loops_corners, david_vaults_4, minmay_puff
D:15:     grunt_enter_depths_hoard, layout_irregular_city,
          chequers_serial_rivers_micro_a, ice2_lemuel, uniq_louise, uniq_azrael
Temple:   dpeg_three_leaves_temple
Lair:1:   layout_layer_cave, basic_altar
Lair:2:   layout_chaotic_city, swamp_mist_pool, guppyfry_snake_entry_island,
          gauntlet_entry_generic, uniq_maggie, uniq_amaemon, uniq_fannar
Lair:3:   layout_small_grid, portal_ice_cave_entry_imps
Lair:4:   layout_misc_corridors, nicolae_slime_entry_slimehenge, minivault_25,
          grunt_megastairs_5
Lair:5:   minmay_lair_end_enchanted_forest, layout_loops_ring
Swamp:1:  layout_basic_swamp, nicolae_swamp_godswood, swamp_pool1,
          nicolae_swamp_necromancer_hut
Swamp:2:  layout_basic_swamp, hangedman_swamp_ruin_wall
Swamp:3:  layout_basic_swamp, evilmike_swamp_ruin_rubble_1
Orc:1:    layout_caves, uniq_urug
Orc:2:    grunt_orc_gardens, layout_caves, grunt_orc_garden, grunt_orc_garden,
          grunt_orc_garden, grunt_orc_garden, serial_shops,
          nicolae_shop_temple_entry_statues_fountains,
          gammafunk_ghost_abyssal_escape, nicolae_shop_overcharged_wands

Skill      XL: |  1  2  3  4  5  6  7  8  9 10 11 12 13 14 15 16 17 |
---------------+----------------------------------------------------+-----
Axes           | 2 3 4 5 6 7 8 9 11 12 13 14 15 17 | 17.0
Fighting       | 4 5 6 7 8 9 10 11 12 13 | 13.0
Dodging        | 1 2 3 |  3.2
Armour         | 4 5 7 9 10 11 12 | 12.5
Shields        | 4 5 6 7 12 13 16 17 | 17.0
Invocations    | 4 6 10 | 10.0
Throwing       | 1 4 5 |  5.0

Action                   |  1- 3 |  4- 6 |  7- 9 | 10-12 | 13-15 | 16-18 || total
-------------------------+-------+-------+-------+-------+-------+-------++-------
Melee: War axe           |   112 |   198 |   252 |   113 |       |       ||   675
       Broad axe         |       |       |       |   364 |  1087 |   561 ||  2012
       Demon whip        |       |       |       |    11 |    50 |    44 ||   105
Throw: Boomerang         |       |       |       |     5 |       |     1 ||     6
       Javelin           |       |       |       |       |       |    33 ||    33
Invok: Heroism           |       |       |       |    28 |    46 |    26 ||   100
       Finesse           |       |       |       |     4 |    12 |     2 ||    18
  Use: Scroll            |     2 |    15 |     4 |    15 |    16 |     3 ||    55
       Potion            |       |     2 |     1 |     2 |     3 |     2 ||    10
Armor: Scale mail        |    61 |    99 |       |       |       |       ||   160
       Plate armour      |       |    10 |   213 |   295 |   520 |   211 ||  1249
Dodge: Dodged            |    59 |    70 |    73 |   186 |   424 |   166 ||   978
Block: Buckler           |    18 |    31 |    51 |   119 |   162 |       ||   381
       Kite shield       |       |       |       |       |   292 |       ||   292
       Reflection        |       |       |       |       |     2 |       ||     2
       Tower shield      |       |       |       |       |    17 |   486 ||   503

Table legend:
 A = Non-vault XP
 B = Vault XP
 C = Vault XP percentage of total XP
 D = Non-vault monster count
 E = Vault monster count
 F = Vault count percentage of total count
                 A         B        C        D         E       F
            +---------+---------+-------+---------+---------+-------
      Total |  133563 |   48508 |  26.6 |     583 |     192 |  24.8
            +---------+---------+-------+---------+---------+-------
        D:1 |      49 |       0 |   0.0 |      27 |       0 |   0.0
        D:2 |      71 |      50 |  41.3 |      14 |      15 |  51.7
        D:3 |     206 |       6 |   2.8 |      21 |       3 |  12.5
        D:4 |     575 |       0 |   0.0 |      28 |       0 |   0.0
        D:5 |    1034 |     771 |  42.7 |      27 |       9 |  25.0
        D:6 |     266 |    1232 |  82.2 |       4 |       7 |  63.6
        D:7 |    1559 |       0 |   0.0 |      25 |       0 |   0.0
        D:8 |    2444 |    2901 |  54.3 |      18 |      13 |  41.9
        D:9 |    2753 |       0 |   0.0 |      31 |       0 |   0.0
       D:10 |    3270 |       0 |   0.0 |      20 |       0 |   0.0
       D:11 |    1260 |    2656 |  67.8 |      10 |       6 |  37.5
       D:12 |    4338 |    1807 |  29.4 |      11 |       1 |   8.3
       D:13 |   10668 |       0 |   0.0 |      22 |       0 |   0.0
       D:14 |    8771 |    6330 |  41.9 |      15 |      12 |  44.4
       D:15 |    2479 |    6554 |  72.6 |       5 |      21 |  80.8
     Lair:1 |    4613 |       0 |   0.0 |      18 |       0 |   0.0
     Lair:2 |    7065 |    3136 |  30.7 |      25 |       8 |  24.2
     Lair:3 |    5106 |     123 |   2.4 |      16 |      12 |  42.9
     Lair:4 |    9191 |     914 |   9.0 |      17 |       5 |  22.7
     Lair:5 |   10735 |    7837 |  42.2 |      27 |      39 |  59.1
    Swamp:1 |   14970 |    3441 |  18.7 |      30 |      13 |  30.2
    Swamp:2 |    9539 |       0 |   0.0 |      20 |       0 |   0.0
    Swamp:3 |    4839 |       0 |   0.0 |      12 |       0 |   0.0
      Orc:1 |    7476 |    1878 |  20.1 |      71 |       4 |   5.3
      Orc:2 |    4889 |    8872 |  64.5 |      44 |      24 |  35.3
    Abyss:2 |   15397 |       0 |   0.0 |      25 |       0 |   0.0
            +---------+---------+-------+---------+---------+-------
